Map: 월드 오브 슬리퍼스 - 래더

Players

Trap

  • Race: Protoss Protoss
  • Spawn Location: 7:00

Patience - Winner!

  • Race: Protoss Protoss
  • Spawn Location: 1:00

Event: IEM Katowice 2020

VOD

Have the link to the VOD?

Description

Time

  • Played on: Feb. 28, 2020, 6:35 a.m.
  • Length: 9:34

All games in this series

Show
View Real Time Build Order
Export as new Build Order

Trap Protoss 

Build Orders: Dark Templar Rush 

Get SALT Encoding   

  12  0:00  Probe  
  13  0:12  Probe  
  14  0:17  Pylon  
  14  0:24  Probe (Chrono Boost)  
  15  0:36  Probe (Chrono Boost), Gateway  
  16  0:44  Probe (Chrono Boost)  
  16  0:47  Assimilator  
  17  0:51  Probe  
  17  0:53  Assimilator  
  18  1:03  Probe (Chrono Boost)  
  19  1:06  Gateway  
  19  1:13  Probe (Chrono Boost)  
  19  1:18  Probe (Chrono Boost)  
  20  1:23  Cybernetics Core  
  21  1:29  Probe  
  22  1:41  Probe, Pylon  
  23  1:59  Adept x2  
  23  2:01  Twilight Council  
  27  2:04  Warp Gate (Chrono Boost)  
  27  2:14  Pylon  
  27  2:26  Probe  
  27  2:29  Stalker  
  30  2:37  Dark Shrine  
  30  2:43  Stalker  
  32  2:52  Probe  
  33  3:00  Shield Battery  
  31  3:20  Pylon  
  29  3:27  Robotics Facility  
  29  3:30  Gateway  
  29  3:40  Shield Battery  
  29  3:52  Dark Templar  
  29  3:55  Dark Templar  
  33  4:06  Shield Battery  
  32  4:10  Pylon  
  32  4:16  Observer (Chrono Boost)  
  33  4:27  Probe, Warp Prism (Chrono Boost)  
  33  4:28  Adept x2  
  37  4:42  Probe  
  38  4:54  Probe  
  38  4:55  Immortal  
  43  5:13  Stalker  
  43  5:14  Stalker x2  
  43  5:39  Pylon  
  43  5:41  Pylon  
  43  5:53  Nexus  
  43  6:09  Immortal (Chrono Boost)  
  41  6:16  Sentry x2  
  45  6:41  Warp Prism (Chrono Boost)  
  45  6:45  Sentry  
  49  7:07  Pylon  
  49  7:13  Immortal  
  53  7:29  Pylon  
  53  7:41  Probe, Nexus  
  49  7:50  Dark Templar x2  
  51  7:55  Gateway  
  51  8:02  Dark Templar  
  53  8:26  Adept x2  
  57  8:37  Archon, Adept  
  59  8:43  Stalker  
Show
View Real Time Build Order
Export as new Build Order

Patience Protoss - Winner!

Build Orders:  

Get SALT Encoding   

  12  0:00  Probe  
  13  0:13  Probe  
  14  0:17  Pylon  
  14  0:25  Probe (Chrono Boost)  
  16  0:37  Probe (Chrono Boost), Gateway  
  16  0:43  Probe (Chrono Boost)  
  16  0:45  Assimilator  
  17  0:51  Probe  
  17  0:54  Assimilator  
  18  1:03  Probe (Chrono Boost)  
  19  1:07  Gateway  
  19  1:12  Probe (Chrono Boost)  
  19  1:17  Probe (Chrono Boost)  
  20  1:25  Cybernetics Core  
  21  1:30  Probe  
  22  1:35  Pylon  
  22  1:42  Probe  
  23  1:54  Probe  
  24  2:00  Adept  
  26  2:01  Adept  
  26  2:02  Warp Gate  
  28  2:11  Robotics Facility  
  28  2:20  Pylon  
  28  2:32  Stalker  
  30  2:38  Stalker  
  32  2:45  Pylon  
  32  2:56  Shield Battery  
  32  3:06  Pylon  
  32  3:08  Shield Battery  
  32  3:11  Warp Prism (Chrono Boost)  
  29  3:21  Probe  
  29  3:33  Probe  
  30  3:38  Gateway  
  30  3:40  Observer  
  30  3:46  Probe  
  32  3:50  Sentry x2  
  36  4:07  Probe  
  37  4:14  Twilight Council  
  37  4:18  Observer  
  37  4:20  Probe  
  39  4:35  Probe  
  40  4:40  Stalker x2  
  40  4:45  Pylon, Blink (Chrono Boost)  
  44  5:12  Nexus  
  40  5:39  Stalker x3  
  46  5:50  Immortal (Chrono Boost)  
  48  6:06  Observer  
  48  6:09  Probe  
  45  6:12  Observer  
  45  6:19  Stalker x2  
  45  6:20  Stalker  
  45  6:21  Probe  
  52  6:26  Probe  
  52  6:27  Observer (Chrono Boost)  
  55  6:44  Stalker x2  
  55  6:47  Stalker  
  59  6:52  Probe x2  
  61  7:04  Probe  
  61  7:06  Warp Prism (Chrono Boost)  
  64  7:16  Shield Battery  
  64  7:18  Pylon  
  64  7:22  Sentry x2  
  68  7:37  Immortal (Chrono Boost)  
  72  7:51  Observer  
  70  7:52  Forge  
  70  7:57  Stalker x2  
  70  7:58  Stalker  
  76  8:02  Probe  
  77  8:09  Pylon  
  77  8:16  Observer  
  75  8:24  Probe  
  75  8:27  Probe  
  74  8:35  Stalker  
  74  8:36  Probe  
  77  8:55  Shield Battery  
  77  8:56  Sentry, Shield Battery  
  79  9:07  Zealot x2  
  67  9:21  Sentry  

Tags
 
Add a new tag
Caveats
  • Supply blocks, unpowered buildings, or Contaminate may cause inaccurate times.
  • Supply counts are checked every 10 seconds.